 Dungeon Crawl Stone Soup version 0.26.1-2-gb8aa6d0cf2 (webtiles) character file.

Game seed: 8141456743945680689

210 Delamore the Skirmisher (level 5, -5/34 HPs)
             Began as a Gargoyle Fighter on Feb 8, 2021.
             Slain by Menkaure (17 damage)
             ... on level 4 of the Dungeon.
             The game lasted 00:02:38 (3052 turns).

Delamore the Skirmisher (Gargoyle Fighter)          Turns: 3052, Time: 00:02:39

Health: -5/34      AC: 10    Str: 20    XL:     5   Next: 88%
Magic:  5/5        EV:  7    Int:  9    God:
Gold:   295        SH:  9    Dex:  9    Spells: 4/4 levels left

rFire    . . .     SeeInvis .   a - +0 flail
rCold    . . .     Faith    .   c - +0 kite shield
rNeg     + . .     Spirit   .   b - +0 scale mail
rPois    ∞         Reflect  .   (no helmet)
rElec    +         Harm     .   (no cloak)
rCorr    .         Rampage  .   (no gloves)
Will     .....                  (no boots)
Stlth    ..........             (no amulet)
HPRegen  0.11/turn              (no ring)
MPRegen  0.09/turn              (no ring)

@: no status effects
A: negative energy resistance 1, electricity resistance, unbreathing,
petrification resistance, miasma immunity, AC +4
a: no special abilities


You were on level 4 of the Dungeon.
You visited 1 branch of the dungeon, and saw 4 of its levels.

You collected 295 gold pieces.

Inventory:

Hand Weapons
 a - a +0 flail (weapon)
Armour
 b - a +0 scale mail (worn)
 c - a +0 kite shield (worn)
Jewellery
 f - an uncursed amulet of regeneration {unknown}
Wands
 q - a wand of random effects (16)
Scrolls
 e - 4 scrolls of identify {unknown}
 g - 2 scrolls of fog {unknown}
 i - a scroll of enchant weapon {unknown}
 m - a scroll of remove curse {unknown}
 n - 3 scrolls of teleportation {unknown}
Potions
 d - 2 potions of might
 h - a potion of invisibility {unknown}
 j - a potion of berserk rage {unknown}
 k - 2 potions of heal wounds {unknown}
 l - a potion of curing {unknown}
 o - a potion of flight {unknown}
 p - a potion of magic {unknown}


   Skills:
 + Level 4.8 Fighting
 + Level 3.6 Maces & Flails
 - Level 3.2 Armour
 + Level 4.8 Shields


You had 4 spell levels left.
You didn't know any spells.
Your spell library was empty.

Dungeon Overview and Level Annotations

Branches:
Dungeon (4/15)
 Temple: D:4-7

Altars:
Dithmenos
Hepliaklqana
Nemelex Xobeh
Sif Muna
Wu Jian
Xom
Yredelemnul
Zin

Annotations:
D:4 Menkaure


Innate Abilities, Weirdness & Mutations

You are resistant to torment.
Your stone body is resilient. (AC +4)
You are immune to poison.
You resist negative energy. (rN+)
You are resistant to electric shocks. (rElec)
You can survive without breathing.
You are immune to petrification.
You are immune to miasma.


Message History

Menkaure is nearby!
Menkaure casts a spell.
Menkaure seems to speed up.
You start waiting.
Menkaure is nearby!
Menkaure hits you!
You sock Menkaure!
Menkaure is heavily damaged.
Menkaure hits you but does no damage.
Menkaure calls on the powers of darkness!
Your body is wracked with pain!
You barely miss Menkaure.
Menkaure is heavily damaged.
Menkaure points at you and mumbles some strange words.
Pain shoots through your body!
You barely miss Menkaure.
Menkaure is heavily damaged.
Menkaure barely misses you. Menkaure hits you!
Ouch! That really hurt!
You die...

##
##.#######
....#...##
#..#....#
#..#.<.##
#..@...#
##M#####
#..##
##..#
##..# ##.#
#M .. #.#


You could see Menkaure (fast).

Vanquished Creatures
  An orc wizard (D:3)
  3 gnolls
  8 adders
  2 oozes
  2 worms (D:3)
  2 dart slugs
  3 leopard geckos
  4 orcs (D:3)
  6 bats
  2 giant cockroaches
  2 goblins
  8 hobgoblins
  A quokka (D:2)
  3 ball pythons (D:1)
  4 frilled lizards (D:2)
  8 kobolds
  4 rats
63 creatures vanquished.

Vanquished Creatures (others)
  A ghoul (D:1)
  A draconian (D:1)
  2 octopodes (D:1)
  3 gargoyles (D:1)
  A troll (D:1)
  A formicid (D:1)
  A vampire (D:1)
  A human (D:1)
  2 dwarves (D:1)
  An ogre (D:1)
  A mummy (D:1)
  6 tentacles (D:1)
21 creatures vanquished.

Grand Total: 84 creatures vanquished

Notes
Turn   | Place    | Note
-------+----------+-------------------------------------------
     0 | D:1      | Delamore the Gargoyle Fighter began the quest for the Orb.
     0 | D:1      | Reached XP level 1. HP: 14/14 MP: 1/1
     2 | D:1      | Noticed a draconian
     2 | D:1      | Noticed a gargoyle
     2 | D:1      | Noticed a formicid
     2 | D:1      | Noticed a gargoyle
     2 | D:1      | Noticed a dwarf
     2 | D:1      | Noticed a kraken
     2 | D:1      | Noticed a gargoyle
     2 | D:1      | Noticed a troll
     2 | D:1      | Noticed an octopode
     2 | D:1      | Noticed a vampire
     2 | D:1      | Noticed an octopode
     2 | D:1      | Noticed an ogre
     2 | D:1      | Noticed a dwarf
     2 | D:1      | Noticed a human
     2 | D:1      | Noticed a ghoul
     3 | D:1      | Killed a gargoyle
     6 | D:1      | Killed a gargoyle
     9 | D:1      | Killed a formicid
     9 | D:1      | Killed a dwarf
    10 | D:1      | Killed an octopode
    10 | D:1      | Killed a draconian
    10 | D:1      | Killed a gargoyle
    11 | D:1      | Killed a troll
    13 | D:1      | Killed an ogre
    14 | D:1      | Killed a ghoul
    15 | D:1      | Killed a vampire
    18 | D:1      | Killed a dwarf
    18 | D:1      | Killed an octopode
    20 | D:1      | Killed a human
   139 | D:1      | Reached XP level 2. HP: 11/19 MP: 2/2
   456 | D:1      | Reached XP level 3. HP: 13/24 MP: 3/3
  1028 | D:2      | Found a shimmering altar of Xom.
  1028 | D:2      | Found a shimmering blue altar of Sif Muna.
  1029 | D:2      | Found a basalt altar of Yredelemnul.
  1031 | D:2      | Found a shadowy altar of Dithmenos.
  1031 | D:2      | Found a glowing silver altar of Zin.
  1031 | D:2      | Found a hazy altar of Hepliaklqana.
  1032 | D:2      | Found an ornate altar of the Wu Jian Council.
  1081 | D:2      | Reached XP level 4. HP: 29/29 MP: 4/4
  1786 | D:3      | Reached XP level 5. HP: 34/34 MP: 5/5
  2797 | D:3      | Found a sparkling altar of Nemelex Xobeh.
  3041 | D:4      | Noticed Menkaure
  3052 | D:4      | Slain by Menkaure

Illustrated notes

Levels and vault maps discovered:
D:1:      nicolae_arrival_kraken_aquarium_b, layout_rooms, serial_glass,
          glass_columns_a, glass_columns_b, feat_on_display, feat_on_display,
          due_unseen_surprise, feat_on_display, minmay_shallow_snake_nest
D:2:      layout_loops_ring, grunt_temple_overflow_open,
          mrwooster_statue_mirror, minmay_crystal_water, st_stairs_13,
          minmay_misc_feat_five
D:3:      layout_loops_ring, nemelex_dance_club_becter
D:4:      layout_cave_pods, minmay_temple_entry_glass, uniq_menkaure,
          uniq_sigmund, uniq_crazy_yiuf_cottage

Skill      XL: |  1  2  3  4 |
---------------+-------------+-----
Fighting       | 4 |  4.8
Shields        | 4 |  4.8
Maces & Flails | 3 |  3.6
Armour         | |  3.2

Action                   |  1- 3 |  4- 6 || total
-------------------------+-------+-------++-------
Melee: Flail             |   109 |   164 ||   273
Armor: Scale mail        |    77 |   103 ||   180
Dodge: Dodged            |    35 |    56 ||    91
Block: Kite shield       |    63 |   101 ||   164
